 Dungeon Crawl Stone Soup version 0.27-a0-1123-g2f9bb313c0 (webtiles) character file.

Game seed: 5620781814473635131

2627 RealJoeEstevez the Conjurer (level 9, -5/65 HPs)
             Began as a Formicid Air Elementalist on May 4, 2021.
             Was a Follower of Cheibriados.
             Slain by Joseph
             ... wielding a +0 quarterstaff
              (15 damage)
             ... on level 7 of the Dungeon.
             The game lasted 00:21:18 (9263 turns).

RealJoeEstevez the Conjurer (FoAE)                  Turns: 9263, Time: 00:21:19

Health: -5/65      AC:  5    Str: 14    XL:     9   Next: 91%
Magic:  7/15       EV: 13    Int: 21    God:    Cheibriados [*.....]
Gold:   371        SH:  0    Dex: 13    Spells: 3/16 levels left

rFire    . . .     SeeInvis +   w - +0 whip (elec)
rCold    . . .     Faith    .   (no shield)
rNeg     + . .     Spirit   .   q - +1 robe "Giehiuj" {Will+}
rPois    .         Reflect  .   (helmet unavailable)
rElec    .         Harm     .   (no cloak)
rCorr    .         Rampage  .   (no gloves)
Will     +....                  (no boots)
Stlth    ++........             (no amulet)
HPRegen  0.20/turn              e - ring of positive energy
MPRegen  0.14/turn              (no ring)

@: mighty, very slow
A: permanent stasis, dig shafts and tunnels, antennae 3, four strong arms,
iridescent scales 1, wild magic 1
a: Dig, Shaft Self, Renounce Religion, Bend Time


You were on level 7 of the Dungeon.
You worshipped Cheibriados.
Cheibriados was aware of your devotion.
You visited 2 branches of the dungeon, and saw 8 of its levels.

You collected 471 gold pieces.
You spent 100 gold pieces at shops.

Inventory:

Hand Weapons
 d - a +0 whip
 h - a +0 flail
 k - a +1 dagger of venom
 l - a +2 dagger of holy wrath
 m - a +0 falchion
 s - a +5 mace
 w - a +0 whip of electrocution (weapon)
 A - a +0 long sword
Armour
 a - a +0 robe
 f - a +2 robe of positive energy
 q - the +1 robe "Giehiuj" (worn) {Will+}
   (You took it off a hobgoblin on level 4 of the Dungeon)

   It increases your willpower.
Jewellery
 e - a ring of positive energy (left hand)
 u - a +6 ring of intelligence
 C - a +4 ring of evasion
 E - a +6 ring of intelligence
Wands
 t - a wand of polymorph (6)
 v - a wand of charming (8)
 I - a wand of acid (10)
Scrolls
 b - a scroll of blinking {unknown}
 c - 2 scrolls of enchant armour {unknown}
 g - 2 scrolls of vulnerability {unknown}
 j - 3 scrolls of magic mapping
 p - a scroll of immolation {unknown}
 x - a scroll of fear {unknown}
 y - a scroll of noise {unknown}
 D - 2 scrolls of identify {unknown}
Potions
 n - 2 potions of flight
 o - 2 potions of mutation
 r - a potion of haste {unknown}
 z - a potion of berserk rage
 F - a potion of magic {unknown}
 H - a potion of degeneration {unknown}


   Skills:
 - Level 4.1 Fighting
 + Level 3.3 Dodging
 - Level 2.4 Stealth
 * Level 4.4 Spellcasting
 - Level 7.1 Conjurations
 - Level 7.0 Air Magic


You had 3 spell levels left.
You knew the following spells:

 Your Spells              Type           Power      Damage    Failure   Level
a - Shock                 Conj/Air       100%       1d9       1%          1
b - Static Discharge      Conj/Air       44%        N/A       1%          2
c - Airstrike             Air            22%        N/A       10%         4
d - Magic Dart            Conj           100%       1d8       1%          1
e - Lightning Bolt        Conj/Air       22%        1d37      24%         5

Your spell library contained the following spells:

 Spells                   Type           Power      Damage    Failure   Level
 Searing Ray              Conj           90%        3d6       1%          2
 Foxfire                  Conj/Fire      100%       2x1d9     4%          1
 Conjure Flame            Conj/Fire      25%        6-21      12%         3
 Dazzling Flash           Conj/Hex       50%        N/A       12%         3
 Animate Skeleton         Necr           12%        N/A       17%         1
 Corona                   Hex            6%         N/A       17%         1
 Pain                     Necr           24%        1d5       17%         1
 Ensorcelled Hibernation  Hex/Ice        12%        N/A       24%         2
 Slow                     Hex            6%         N/A       24%         2
 Confusing Touch          Hex            6%         N/A       43%         3
 Inner Flame              Hex/Fire       6%         N/A       43%         3
 Portal Projectile        Hex/Tloc       12%        N/A       43%         3
 Tukima's Dance           Hex            6%         N/A       43%         3
 Vampiric Draining        Necr           3%         2d6       43%         3
 Fulminant Prism          Conj/Hex       12%        3d9       34%         4
 Iskenderun's Mystic Bla  Conj/Tloc      25%        2d7       34%         4
 Sticky Flame             Conj/Fire      25%        2d5       34%         4
 Fireball                 Conj/Fire      12%        3d7       67%         5
 Animate Dead             Necr           3%         N/A       82%         4
 Cause Fear               Hex            3%         N/A       82%         4
 Leda's Liquefaction      Hex/Erth       3%         N/A       82%         4
 Agony                    Necr           6%         N/A       98%         5
 Swiftness                Air            Unusable   N/A       N/A         3

Dungeon Overview and Level Annotations

Branches:
Dungeon (7/15)             Temple (1/1) D:6

Altars:
Ashenzari
Cheibriados
Dithmenos
Hepliaklqana
Kikubaaqudgha
Nemelex Xobeh
Sif Muna
Trog
Vehumet
Xom
Yredelemnul

Shops:
D:5 !

Annotations:
D:7 2 runed translucent doors, Joseph


Innate Abilities, Weirdness & Mutations

You cannot be hasted, slowed, berserked, paralysed or teleported.
You can dig through walls and to a lower floor.
You have a pair of large antennae on your head. (SInv)
Your four strong arms can wield two-handed weapons with a shield.
You are partially covered in iridescent scales. (AC +2)
Your spells are a little harder to cast, but a little more powerful.


Message History

Joseph is moderately wounded.
Joseph hits you with a +0 quarterstaff!
Casting: Shock (safe; 1% risk of failure)
Confirm with . or Enter, or press ? or * to list all spells.
Joseph is struck by an arc of lightning.
Joseph is moderately wounded.
You are struck by an arc of lightning.
Joseph is struck by an arc of lightning.
Joseph is heavily wounded.
The lightning grounds out.
Joseph barely misses you.
Unknown command.
Casting: Static Discharge (safe; 1% risk of failure)
Confirm with . or Enter, or press ? or * to list all spells.
Joseph is struck by an arc of lightning.
Joseph is heavily wounded.
You are struck by an arc of lightning.
Joseph is struck by an arc of lightning.
Joseph is heavily wounded.
The lightning grounds out.
Joseph closely misses you.
Unknown command.
Unknown command.
Casting: Static Discharge (safe; 1% risk of failure)
Confirm with . or Enter, or press ? or * to list all spells.
Joseph is struck by an arc of lightning!
Joseph is severely wounded.
You are struck by an arc of lightning.
The lightning grounds out.
Joseph hits you with a +0 quarterstaff!
* * * LOW HITPOINT WARNING * * *
Unknown command.
It was a potion of berserk rage.
Your stasis prevents you from going berserk.
Joseph closely misses you.
Casting: Static Discharge (safe; 1% risk of failure)
Confirm with . or Enter, or press ? or * to list all spells.
Joseph is struck by an arc of lightning!
Joseph is almost dead.
You are struck by an arc of lightning.
* * * LOW HITPOINT WARNING * * *
The lightning grounds out.
Joseph hits you with a +0 quarterstaff!
You die...

.....#....
#####(...#..@
#...........
#..........
.......... ###
......... ##@##
.....^..######.#@#
........##..#.####
.....#...#...###
#....###.@.....#
.#...##.......##
.#.........####
........####
#.......#
.......##


You could see Joseph.

Vanquished Creatures
  Prince Ribbit (D:7)
  Sigmund (D:3)
  2 steam dragons (D:6)
  Duvessa (D:7)
  A water moccasin (D:7)
  A black bear (D:6)
  2 centaurs
  2 ogres
  3 phantoms
  Blork the orc (D:5)
  A scorpion (D:5)
  A gnoll sergeant (D:7)
  Dowan (D:7)
  5 killer bees (D:7)
  A centaur zombie (D:5)
  A jelly (D:4)
  4 orc priests
  A centaur skeleton (D:4)
  2 hounds
  A bullfrog skeleton (D:6)
  4 iguanas
  2 orc wizards
  A killer bee zombie (D:7)
  A hound zombie (D:5)
  A howler monkey zombie (D:6)
  4 gnolls (D:7)
  2 river rats (D:6)
  5 adders
  A shadow imp (D:6)
  A white imp (D:6)
  An ufetubus (D:6)
  2 dart slugs
  15 orcs
  5 ball pythons
  9 endoplasms
  7 giant cockroaches
  9 goblins
  8 hobgoblins
  8 jackals
  2 quokkas
  8 bats
  3 frilled lizards
  4 kobolds
  7 rats
  A spectral orc (D:7)
144 creatures vanquished.

Notes
Turn   | Place    | Note
-------+----------+-------------------------------------------
     0 | D:1      | RealJoeEstevez the Formicid Air Elementalist began the
                  | quest for the Orb.
     0 | D:1      | Reached XP level 1. HP: 13/13 MP: 3/3
    71 | D:1      | Reached skill level 1 in Conjurations
   290 | D:1      | Reached XP level 2. HP: 19/19 MP: 1/5
   925 | D:1      | Reached XP level 3. HP: 24/24 MP: 1/6
  1233 | D:2      | Learned a level 2 spell: Static Discharge
  1654 | D:2      | Reached XP level 4. HP: 30/30 MP: 3/7
  2176 | D:3      | Reached XP level 5. HP: 23/35 MP: 1/9
  2374 | D:3      | Noticed Sigmund
  2406 | D:3      | Gained mutation: You are partially covered in iridescent
                  | scales. (AC +2) [potion of mutation]
  2406 | D:3      | Gained mutation: Your spells are a little harder to cast,
                  | but a little more powerful. [potion of mutation]
  2415 | D:3      | Killed Sigmund
  2416 | D:3      | Reached XP level 6. HP: 28/41 MP: 1/11
  3546 | D:3      | Found a faded altar of an unknown god.
  3664 | D:3      | Learned a level 4 spell: Airstrike
  3875 | D:4      | Identified the +1 robe "Giehiuj" {Will+}
  4009 | D:4      | Found a radiant altar of Vehumet.
  4012 | D:4      | Identified Vehumet's Almanac of Conjuration
  4015 | D:4      | Found an ancient bone altar of Kikubaaqudgha.
  4016 | D:4      | Found a shimmering blue altar of Sif Muna.
  4043 | D:4      | Reached XP level 7. HP: 47/47 MP: 8/12
  4130 | D:4      | Learned a level 1 spell: Magic Dart
  4181 | D:4      | Reached skill level 1 in Fighting
  4594 | D:5      | Entered Level 5 of the Dungeon
  4828 | D:5      | Noticed Blork the orc
  4835 | D:5      | Killed Blork the orc
  4836 | D:5      | Reached skill level 5 in Air Magic
  4836 | D:5      | Reached XP level 8. HP: 46/57 MP: 3/13
  5078 | D:5      | Found Heguhug's Distillery.
  5179 | D:5      | Found a shadowy altar of Dithmenos.
  5252 | D:5      | Reached skill level 5 in Conjurations
  5572 | D:5      | Bought a potion of heal wounds for 50 gold pieces
  5572 | D:5      | Bought a potion of heal wounds for 50 gold pieces
  6079 | D:6      | Found a sparkling altar of Nemelex Xobeh.
  6593 | D:6      | Found a staircase to the Ecumenical Temple.
  6628 | D:6      | Reached XP level 9. HP: 23/65 MP: 8/14
  7475 | D:6      | Learned a level 5 spell: Lightning Bolt
  7502 | Temple   | Entered the Ecumenical Temple
  7509 | Temple   | Became a worshipper of Cheibriados the Contemplative
  7684 | D:7      | Found a runed translucent door.
  7686 | D:7      | Found a runed translucent door.
  7946 | D:7      | Identified the +1 ring mail of True Grit {rN+ Str-3 SInv}
  7985 | D:7      | Noticed Duvessa
  7992 | D:7      | Noticed Dowan
  8000 | D:7      | Killed Duvessa
  8298 | D:7      | Killed Dowan
  8396 | D:7      | Found a hazy altar of Hepliaklqana.
  8772 | D:7      | Found a basalt altar of Yredelemnul.
  9088 | D:7      | Noticed Prince Ribbit
  9101 | D:7      | Reached * piety under Cheibriados
  9122 | D:7      | Killed Prince Ribbit
  9241 | D:7      | Noticed Joseph
  9263 | D:7      | Slain by Joseph

Illustrated notes

Levels and vault maps discovered:
D:1:      nagdon_arrival_double_spiral, layout_basic, minmay_misc_feat_chi,
          hex_large
D:2:      layout_rooms
D:3:      layout_loops_corners, ebering_ecumenical_altar_rust, uniq_sigmund
D:4:      layout_rooms, grunt_temple_overflow_magic_moments
D:5:      layout_cave_pools, grunt_dithmenos_smoke_and_mirrors, serial_shops,
          nicolae_shop_window_shopping, uniq_blork_the_orc
D:6:      layout_loops_ring, amcnicky_altar_gilded, temple_pool_b,
          gup_sewer_entry_bubbles
D:7:      lemuel_insect_pit, layout_cave_pools, kennysheep_mini,
          yredelemnul_forgotten_temple_becter, uniq_duvessa,
          uniq_prince_ribbit1, uniq_joseph
Temple:   compressed_dpeg_triangle_lava_temple

Skill      XL: |  1  2  3  4  5  6  7  8  9 |
---------------+----------------------------+-----
Conjurations   | 1 2 3 4 6 7 |  7.1
Air Magic      | 3 4 5 6 7 |  7.0
Spellcasting   | 3 4 |  4.4
Fighting       | 2 3 4 |  4.1
Dodging        | 3 |  3.3
Stealth        | |  2.4

Action                   |  1- 3 |  4- 6 |  7- 9 || total
-------------------------+-------+-------+-------++-------
Melee: Unarmed           |     4 |       |       ||     4
       Whip              |     5 |       |    42 ||    47
       Dagger            |       |    41 |       ||    41
 Cast: Shock             |    80 |    84 |   142 ||   306
       Static Discharge  |       |     7 |    67 ||    74
 Abil: Dig               |       |     2 |     8 ||    10
  Use: Potion            |       |     4 |     5 ||     9
       Scroll            |       |     1 |       ||     1
Armor: Robe              |    10 |    22 |    19 ||    51
       Skin              |       |     7 |     2 ||     9
Dodge: Dodged            |    19 |    42 |    74 ||   135

Table legend: (Time is in decaauts)
 A = Elapsed time spent in this place.
 B = Non-inter-level travel time spent in this place.
 C = Inter-level travel time spent in this place.
 D = Time resting spent in this place.
 E = Time spent auto-exploring this place.
 F = Levels seen in this place.
 G = Mean time per level.
                   A        B        C        D        E       F      G
               +--------+--------+--------+--------+--------+-----+--------+
         Total |   9512 |   9284 |    228 |   1036 |   7105 |   8 | 1189.0 |
       Dungeon |   9495 |   9275 |    220 |   1036 |   7105 |   7 | 1356.4 |
        Temple |     16 |      8 |      8 |      0 |      0 |   1 |   16.0 |
               +--------+--------+--------+--------+--------+-----+--------+

Top non-repeatable levels by time:
     D:6: 1954 daAuts
     D:7: 1881 daAuts
     D:3: 1596 daAuts
     D:1: 1268 daAuts
     D:4: 984 daAuts
     D:5: 951 daAuts
     D:2: 859 daAuts
  Temple: 16 daAuts
